[Event "NOR-ch Youth 2019"]
[Site "Skien"]
[Date "2019.11.10"]
[Round "7.22"]
[White "Haug, Havard"]
[Black "Ji, Jiahao Eric"]
[Result "1/2-1/2"]
[ECO "C00"]
[WhiteElo "1544"]
[BlackElo "1667"]
[Annotator "NA"]
[PlyCount "204"]
[EventDate "2019.11.08"]
[EventType "swiss"]
[EventCountry "NOR"]
[SourceTitle "playchess.com"]
[Source "ChessBase"]
[SourceQuality "1"]
[TimeControl "5400+30"]

1. e4 e6 2. d3 d5 3. Nd2 g6 4. g3 Bg7 5. Bg2 Nf6 6. f4 c6 7. Ngf3 dxe4 8. Nxe4 Nxe4 9. dxe4 Qxd1+ 10. Kxd1 Ke7 11. c3 Rd8+ 12. Ke2 Nd7 13. Be3 Nb6 14. Bxb6 axb6 15. a3 Bd7 16. Rad1 c5 17. h4 h5 18. e5 Bc6 19. Rxd8 Rxd8 20. Rd1 Bd5 21. Kf2 Bxf3 22. Rxd8 Bxg2 23. Rc8 Bd5 24. Rc7+ Ke8 25. Rc8+ Ke7 26. c4 Bc6 27. Rc7+ Ke8 28. b4 cxb4 29. axb4 Bf8 30. Rc8+ Ke7 31. c5 b5 32. Ke3 Bg7 33. Kd4 Kd7 34. Rg8 Ke7 35. Rc8 Kd7 36. Rb8 Ke7 37. Ra8 Kd7 38. Ke3 Ke7 39. Kf2 Bh6 40. Ke3 Bg7 41. Rc8 Kd7 42. Rb8 Ke7 43. Kd4 Kd7 44. Ra8 Ke7 45. Ra1 f6 46. Rg1 f5 47. Ra1 Kf7 48. Ra8 Ke7 49. Rc8 Kf7 50. Rc7+ Kf8 51. Kd3 Bh6 52. Rc8+ Kf7 53. Rd8 Ke7 54. Rc8 Kf7 55. Ke3 Ke7 56. Rh8 Bg7 57. Rc8 Bh6 58. Rh8 Bg7 59. Rg8 Kf7 60. Rb8 Ke7 61. Rc8 Bh6 62. Ra8 Bg7 63. Ra1 Kf7 64. Ra8 Ke7 65. Rc8 Kf7 66. Rc7+ Kf8 67. Kd3 Bh6 68. Rc8+ Kf7 69. Rd8 Ke7 70. Rh8 Bg7 71. Ra8 Bh6 72. Ra1 Bg7 73. Kc3 Kf7 74. Rd1 Ke7 75. Rd2 Kf7 76. Rd6 Ke7 77. Rd1 Kf7 78. Rd8 Ke7 79. Rc8 Kf7 80. Rc7+ Kf8 81. Rc8+ Kf7 82. Rc7+ Kf8 83. Kd2 Bh6 84. Ke1 Bg7 85. Kf2 Bh6 86. Rc8+ Kf7 87. Rd8 Ke7 88. Rh8 Bg7 89. Rc8 Kf7 90. Rb8 Ke7 91. Ke3 Kf7 92. Kd4 Ke7 93. Rc8 Kf7 94. Rc7+ Kf8 95. Ke3 Bh6 96. Ke2 Bg7 97. Kd2 Bh6 98. Rc8+ Kf7 99. Kc2 Bg7 100. Kb3 Ke7 101. Rc7+ Kf8 102. Kc2 Bh6 1/2-1/2

[Event "NOR-ch Youth 2019"]
[Site "Skien"]
[Date "2019.11.10"]
[Round "7.23"]
[White "Myagmarsuren, Evsuld"]
[Black "Anfindsen, Andreas Gautestad"]
[Result "1-0"]
[ECO "B56"]
[WhiteElo "1471"]
[BlackElo "1121"]
[Annotator "NA"]
[PlyCount "69"]
[EventDate "2019.11.08"]
[EventType "swiss"]
[EventCountry "NOR"]
[SourceTitle "playchess.com"]
[Source "ChessBase"]
[SourceQuality "1"]
[TimeControl "5400+30"]

1. e4 c5 2. Nf3 Nc6 3. d4 cxd4 4. Nxd4 Nf6 5. Nc3 d6 6. Be3 e5 7. Nb3 Be7 8. f3 O-O 9. Qd2 a5 10. Bb5 Na7 11. Bc4 Be6 12. Bxe6 fxe6 13. O-O-O Qd7 14. Nc5 Qc8 15. N5a4 Nd7 16. h4 b5 17. Nb6 Nxb6 18. Bxb6 b4 19. Nb1 Qc6 20. Be3 Qa4 21. h5 Qxa2 22. g4 b3 23. c3 Rxf3 24. g5 Nb5 25. g6 h6 26. Bxh6 Rc8 27. Be3 Rg3 28. h6 Qa1 29. hxg7 Kxg7 30. Rh7+ Kxg6 31. Qh2 Rxc3+ 32. bxc3 b2+ 33. Kd2 Bg5 34. Qh5+ Kf6 35. Rf7# 1-0

[Event "NOR-ch Youth 2019"]
[Site "Skien"]
[Date "2019.11.10"]
[Round "7.24"]
[White "Shehzad, Alina"]
[Black "Ji, Jiabao Eivind"]
[Result "1/2-1/2"]
[ECO "B33"]
[WhiteElo "1174"]
[BlackElo "1373"]
[Annotator "NA"]
[PlyCount "59"]
[EventDate "2019.11.08"]
[EventType "swiss"]
[EventCountry "NOR"]
[SourceTitle "playchess.com"]
[Source "ChessBase"]
[SourceQuality "1"]
[TimeControl "5400+30"]

1. e4 c5 2. Nf3 Nc6 3. d4 cxd4 4. Nxd4 Nf6 5. Nc3 e5 6. Nb3 Bb4 7. f3 h6 8. Be3 O-O 9. Bc4 a6 10. a3 Ba5 11. Nc5 d6 12. Nd3 b5 13. Bb3 Bb7 14. O-O Bb6 15. Qd2 Rc8 16. Kh1 Bxe3 17. Qxe3 Nd4 18. Ne2 Nxe2 19. Qxe2 Re8 20. Qf2 Qd7 21. Rad1 Qc7 22. Qg3 a5 23. c3 a4 24. Ba2 Qe7 25. Nf2 Nh5 26. Qh3 Nf4 27. Qg3 Kh7 28. Nh3 Ng6 29. Rfe1 Nf8 30. Qg4 1/2-1/2